AoeStats
← Vortex

Arena

506208111Analyzed
4v4 RM · 20d ago on Sep 12, 2026· 59m 0s· 8 players
Game mode
Random Map
Map size
Large (8 player)
Population
200
Speed
Normal
Resources
Standard
Victory
Conquest
Starting age
Dark Age
Ending age
Imperial Age
RankedLock teamsTeams togetherTeam positionsShared explorationLock speedFull tech treeHidden civsTurbo modeCheats
Victory
Defeat
🇨🇴 Wei · Colombia
1682
+13
🇧🇩 Gurjaras · Bangladesh
1647
+14
🇩🇪 Tatars · Germany
1514
+37
🇺🇸 Burgundians · United States
1489
+20
🇦🇷 Mongols · Argentina
1659
-19
🇦🇷 Goths · Argentina
1637
-18
🇻🇪 Turks · Venezuela
1585
-16
🇻🇪 Malay · Venezuela
1523
-14
Carboncito
11:55 Feudal Age
13:01 Double-Bit Axe
13:28 Horse Collar
16:01 Castle Age
14:20 Gold Mining
16:56 Bow Saw
19:38 Scale Barding Armor
22:18 Chain Barding Armor
26:57 Imperial Age
30:50 Scale Mail Armor
31:31 Forging
31:44 Conscription
30:58 Pikeman
31:39 Squires
31:59 Halberdier
34:15 Squires
34:32 Chain Mail Armor
34:56 Arson
35:54 Iron Casting
35:23 Loom
35:24 Town Watch
40:00 Blast Furnace
39:54 Wheelbarrow
42:35 Caravan
47:41 Bloodlines
47:32 Husbandry
47:05 Elite Tiger Cavalry
48:37 Fletching
55:04 Light Cavalry
56:14 Hussar
57:53 Ming Guang Armor
57:50 Heavy Hei Guang Cavalry
JayZaddy
7:03 Double-Bit Axe
10:30 Feudal Age
8:57 Horse Collar
11:26 Bow Saw
15:50 Castle Age
14:40 Heavy Plow
15:02 Gold Mining
16:03 Cavalier
17:53 Crop Rotation
18:31 Two-Man Saw
20:45 Crop Rotation
20:39 Cavalier
25:07 Wheelbarrow
24:23 Loom
27:35 Imperial Age
24:35 Cavalier
26:03 Gold Shaft Mining
26:13 Forging
26:08 Scale Barding Armor
27:49 Iron Casting
27:10 Stone Mining
29:12 Hand Cart
29:34 Stone Shaft Mining
30:05 Chemistry
30:36 Padded Archer Armor
31:34 Leather Archer Armor
32:21 Blast Furnace
31:23 Husbandry
31:58 Coinage
31:18 Light Cavalry
32:05 Scale Barding Armor
32:22 Fletching
33:49 Banking
33:20 Caravan
33:42 Hussar
35:08 Town Watch
35:47 Chain Barding Armor
37:04 Plate Barding Armor
35:53 Paladin
45:23 Bodkin Arrow
45:50 Ballistics
45:10 Treadmill Crane
45:41 Masonry
47:38 Burgundian Vineyards
47:54 Conscription
48:49 Bracer
51:17 Murder Holes
51:53 Architecture
Ansi
10:54 Feudal Age
14:32 Castle Age
12:29 Double-Bit Axe
12:59 Horse Collar
15:32 Bow Saw
16:55 Wheelbarrow
22:40 Gold Mining
22:42 Stone Mining
25:12 Hand Cart
27:33 Imperial Age
25:12 Fletching
25:09 Loom
27:22 Bodkin Arrow
27:28 Padded Archer Armor
29:03 Ballistics
29:44 Chemistry
28:45 Bracer
29:21 Husbandry
29:11 Heavy Cavalry Archer
32:38 Leather Archer Armor
32:39 Bloodlines
34:55 Masonry
35:40 Silk Armor
36:41 Coinage
39:16 Banking
38:49 Heavy Plow
40:25 Conscription
40:17 Timurid Siegecraft
42:14 Capped Ram
43:48 Caravan
43:39 Siege Ram
51:24 Scale Barding Armor
51:50 Ring Archer Armor
51:30 Forging
51:47 Guilds
51:41 Light Cavalry
52:48 Chain Barding Armor
54:45 Iron Casting
53:44 Hussar
Vortex
10:34 Feudal Age
10:39 Loom
18:50 Castle Age
24:32 Double-Bit Axe
24:28 Horse Collar
27:07 Bow Saw
29:47 Wheelbarrow
31:44 Heavy Plow
35:43 Imperial Age
34:13 Scale Barding Armor
35:22 Chain Barding Armor
35:13 Forging
34:55 Stone Mining
34:56 Gold Mining
35:39 Hand Cart
36:38 Bloodlines
36:29 Husbandry
36:03 Elite Shrivamsha Rider
37:14 Conscription
38:02 Plate Barding Armor
38:38 Town Watch
39:52 Light Cavalry
41:26 Hussar
43:06 Kshatriyas
43:38 Iron Casting
44:38 Coinage
43:38 Elite Chakram Thrower
44:23 Scale Mail Armor
45:47 Chain Mail Armor
46:59 Plate Mail Armor
46:32 Fletching
54:29 Caravan
56:13 Arson
Poeta_Virgilio
5:46 Loom
7:59 Feudal Age
8:36 Double-Bit Axe
12:46 Horse Collar
22:36 Castle Age
21:53 Stone Mining
23:43 Bow Saw
24:23 Wheelbarrow
27:24 Heavy Plow
30:35 Hand Cart
32:06 Gold Mining
35:03 Imperial Age
33:16 Fletching
33:52 Bodkin Arrow
33:58 Padded Archer Armor
34:34 Thumb Ring
34:53 Bloodlines
35:04 Husbandry
35:41 Leather Archer Armor
35:47 Heavy Cavalry Archer
36:51 Ballistics
37:20 Parthian Tactics
37:02 Bracer
38:31 Chemistry
37:58 Drill
38:34 Conscription
37:57 Onager
40:41 Elite Mangudai
42:28 Hoardings
42:23 Capped Ram
43:20 Siege Ram
44:46 Light Cavalry
45:33 Scale Barding Armor
45:39 Forging
46:42 Caravan
48:43 Chain Barding Armor
48:59 Iron Casting
53:25 Hussar
themad22
10:44 Feudal Age
12:27 Loom
14:44 Castle Age
12:45 Double-Bit Axe
12:41 Horse Collar
15:55 Bow Saw
20:29 Wheelbarrow
21:34 Town Watch
21:50 Stone Mining
21:51 Gold Mining
25:38 Hand Cart
28:54 Imperial Age
26:57 Heavy Plow
27:47 Scale Mail Armor
27:58 Forging
28:45 Squires
28:06 Pikeman
28:48 Anarchy
29:19 Chain Mail Armor
30:07 Conscription
29:42 Halberdier
31:04 Iron Casting
31:49 Two-Man Saw
31:19 Crop Rotation
31:12 Perfusion
33:03 Blast Furnace
32:07 Capped Ram
33:35 Elite Huskarl
35:24 Chemistry
35:31 Masonry
35:41 Ballistics
41:18 Architecture
40:43 Murder Holes
48:54 Heavy Scorpion
Ah Bueno
10:51 Feudal Age
14:54 Castle Age
13:05 Double-Bit Axe
19:34 Horse Collar
20:57 Town Watch
21:46 Heavy Plow
21:58 Bow Saw
22:27 Loom
22:44 Heavy Plow
24:03 Wheelbarrow
25:25 Scale Barding Armor
25:24 Gold Mining
28:56 Imperial Age
26:53 Stone Mining
27:50 Husbandry
28:26 Forging
29:00 Elite Battle Elephant
30:16 Iron Casting
32:12 Blast Furnace
31:55 Conscription
35:32 Fletching
35:43 Padded Archer Armor
36:45 Chemistry
35:56 Masonry
37:01 Hand Cart
36:43 Bodkin Arrow
36:15 Elite Skirmisher
37:55 Thumb Ring
37:52 Bracer
39:57 Leather Archer Armor
41:05 Gold Shaft Mining
39:54 Light Cavalry
41:36 Ring Archer Armor
41:42 Ballistics
41:16 Light Cavalry
41:31 Light Cavalry
42:53 Masonry
42:24 Treadmill Crane
45:15 Siege Engineers
48:25 Caravan
55:25 Squires
55:10 Arson
54:46 Man-at-Arms
56:20 Thalassocracy
56:29 Forced Levy
55:58 Long Swordsman
56:24 Two-Handed Swordsman
9luk
10:39 Feudal Age
14:16 Castle Age
12:58 Double-Bit Axe
15:07 Bow Saw
14:53 Horse Collar
15:16 Loom
21:07 Padded Archer Armor
23:21 Fletching
28:05 Gold Mining
28:06 Stone Mining
28:50 Ballistics
31:20 Wheelbarrow
35:09 Imperial Age
36:32 Heavy Cavalry Archer
41:43 Two-Man Saw
41:34 Hand Cart
41:32 Scale Barding Armor
41:38 Forging
45:34 Heavy Plow
45:53 Bloodlines
46:03 Husbandry
49:13 Chain Barding Armor
54:13 Plate Barding Armor
54:13 Iron Casting
55:22 Caravan
55:53 Coinage
Connection lost

Rejoining the realm…

Still unreachable

The connection could not be restored.

Session expired

The server has moved on; the page needs a fresh start.